 Dungeon Crawl Stone Soup version 0.31.0-11-ge490571c62 (webtiles) character file.

Game seed: 7014824583599477433

128 qw the Skirmisher (level 4, -1/25 HPs)
             Began as a Deep Elf Hunter on Feb 5, 2024.
             Slain by a jackal (3 damage)
             ... on level 3 of the Dungeon.
             The game lasted 00:00:50 (2262 turns).

qw the Skirmisher (Deep Elf Hunter)                 Turns: 2262, Time: 00:00:50

Health: -1/25      AC: 10    Str: 10    XL:     4   Next: 86%
Magic:  6/6        EV: 11    Int: 14    God:
Gold:   113        SH:  0    Dex: 18    Spells: 3/3 levels left

rFire   . . .        a - +0 shortbow
rCold   + . .        (shield currently unavailable)
rNeg    . . .        e - +0 ring mail
rPois   .            k - +0 helmet
rElec   .            (no cloak)
rCorr   .            (no gloves)
SInv    .            (no boots)
Will    .....        (no amulet)
Stlth   +            m - ring of protection from cold
HPRegen 0.24/turn    b - +4 ring of protection
MPRegen 0.10/turn

%: no passive effects
@: about to teleport
A: no striking features
a: no special abilities


You were on level 3 of the Dungeon.
You visited 1 branch of the dungeon, and saw 3 of its levels.

You collected 113 gold pieces.


   Skills:
 - Level 1.5 Fighting
 + Level 8.3 Ranged Weapons
 - Level 2.4 Dodging
 - Level 1.2 Stealth


You had 3 spell levels left.
You didn't know any spells.
Your spell library was empty.

Inventory:

Hand Weapons
 a - a +0 shortbow (weapon)
Armour
 d - a +0 cloak
 e - a +0 ring mail (worn)
 k - a +0 helmet (worn)
Jewellery
 b - a +4 ring of protection (right hand)
 m - a ring of protection from cold (left hand)
Wands
 h - a wand of flame (20)
Scrolls
 n - a scroll of teleportation
Potions
 c - a potion of attraction {unknown}
 f - a potion of heal wounds
 g - a potion of cancellation {unknown}
 j - a potion of magic {unknown}
 l - 3 potions of curing {unknown}
 o - 2 potions of lignification {unknown}

Dungeon Overview and Level Annotations

Branches:
Dungeon (3/15)

Altars:


Message History

You kill the jackal!
The gnoll hits you but does no damage.
You shoot an arrow.
The arrow hits the gnoll but does no damage.
The gnoll completely misses you.
You shoot an arrow. The arrow hits the gnoll.
The gnoll is lightly wounded.
The gnoll barely misses you. The gnoll hits you with a +0 whip.
You shoot an arrow. The arrow barely misses the gnoll.
The gnoll hits you with a +0 flail. The gnoll barely misses you.
You shoot an arrow. The arrow hits the gnoll!
The gnoll is almost dead.
The gnoll hits you with a +0 whip. The gnoll hits you with a +0 flail!
The gnoll closely misses you.
You shoot an arrow. The arrow hits the gnoll.
You kill the gnoll!
The gnoll hits you but does no damage.
You shoot an arrow. The arrow closely misses the gnoll.
The arrow hits the giant cockroach!
You kill the giant cockroach!
The gnoll barely misses you. The gnoll hits you with a +0 whip.
2259 ||| READING 2 scrolls of teleportation.
As you read the scroll of teleportation, it crumbles to dust.
You feel strangely unstable. The gnoll hits you but does no damage.
The gnoll barely misses you. The gnoll hits you but does no damage.
2260 ||| DRINKING 2 potions of heal wounds.
You feel much better. The gnoll hits you with a +0 whip.
The gnoll hits you but does no damage. The gnoll hits you with a +0 flail!
You shoot an arrow. The arrow closely misses the gnoll.
The gnoll barely misses you. The gnoll closely misses you.
The gnoll hits you but does no damage.
The jackal bites you but does no damage.
You shoot an arrow.
The arrow hits the gnoll but does no damage.
The jackal misses you. The gnoll hits you with a +0 whip.
The gnoll barely misses you. The gnoll hits you with a +0 flail!
The jackal bites you.
You die...

.# .# .# ###
.##### ##.##
###......
##.#.####)...#
#.###.....#h.##
##.#)####.@g%.#
#####.##
##gg.##
#......# ##.##
#.###.## $# #.#
### .#
#####.##### '#
#.........# ..
#..##..##.# ..
#..##...#


You could see 3 gnolls and a jackal.

Vanquished Creatures
  A gnoll (D:3)
  5 adders
  3 ribbon worms (D:2)
  3 dart slugs
  An orc (D:3)
  6 endoplasms
  3 giant cockroaches
  5 goblins
  3 hobgoblins
  2 jackals (D:3)
  4 quokkas
  6 ball pythons
  5 bats (D:1)
  6 frilled lizards
  3 kobolds
  5 rats
61 creatures vanquished.

Notes
Turn   | Place    | Note
-------+----------+-------------------------------------------
     0 | D:1      | qw the Deep Elf Hunter began the quest for the Orb.
     0 | D:1      | Reached XP level 1. HP: 12/12 MP: 3/3
     0 | D:1      | 0 ||| qw: Version: 0.3-a-160-g6735b56
     0 | D:1      | 0 ||| qw: Game counter: 6475
     0 | D:1      | 0 ||| qw: Melee chars always use a shield: true
     0 | D:1      | 0 ||| qw: God list: Okawaru
     0 | D:1      | 0 ||| qw: Allow faded altars: false
     0 | D:1      | 0 ||| qw: Do Orc after clearing Dungeon:15 true
     0 | D:1      | 0 ||| qw: Do second Lair branch before Depths: true
     0 | D:1      | 0 ||| qw: Lair rune preference: random
     0 | D:1      | 0 ||| qw: Goals: Normal
     0 | D:1      | 0 ||| PLANNING D:1-11
   145 | D:1      | Reached XP level 2. HP: 14/16 MP: 4/4
   151 | D:1      | Reached skill level 6 in Ranged Weapons
   858 | D:1      | Reached XP level 3. HP: 20/20 MP: 5/5
   869 | D:1      | 869 ||| UPGRADING to +0 ring mail.
   879 | D:1      | 879 ||| DROPPING +0 leather armour.
   880 | D:1      | 880 ||| UPGRADING to +0 helmet.
   885 | D:1      | 885 ||| UPGRADING to ring of protection from cold.
   886 | D:1      | 886 ||| READING scroll labelled TOFUSYBROI.
   887 | D:1      | 887 ||| READING scroll labelled JOVEXK ROUREPP.
   888 | D:1      | 888 ||| READING scroll labelled VUJOIF RUAMIM.
   888 | D:1      | 888 ||| IDENTIFYING viscous pink potion
   889 | D:1      | 889 ||| READING 3 scrolls labelled QAUZAE TOHIAM.
   890 | D:1      | 890 ||| READING scroll labelled QIRHUSK HEENTO.
   891 | D:1      | 891 ||| READING 2 scrolls labelled ICUHADW BUBOI.
   894 | D:1      | 894 ||| READING scroll labelled MUSCHI HUTINIUS.
   995 | D:1      | 995 ||| DROPPING scroll of butterflies.
   996 | D:1      | 996 ||| DROPPING 2 scrolls of poison.
  1131 | D:2      | Reached skill level 7 in Ranged Weapons
  1366 | D:2      | Reached XP level 4. HP: 25/25 MP: 6/6
  1759 | D:2      | 1759 ||| UPGRADING to +4 ring of protection.
  1760 | D:2      | 1760 ||| READING 2 scrolls labelled TEINANNIOCO.
  1761 | D:2      | 1761 ||| READING scroll labelled KAAHUPNEMEM.
  1762 | D:2      | 1762 ||| DRINKING 2 clear potions.
  1763 | D:2      | 1763 ||| DROPPING scroll of blinking.
  1764 | D:2      | 1764 ||| DROPPING potion of invisibility.
  2029 | D:3      | Reached skill level 8 in Ranged Weapons
  2258 | D:3      | HP: 2/25 [gnoll/+0 whip (5)]
  2259 | D:3      | 2259 ||| READING 2 scrolls of teleportation.
  2260 | D:3      | 2260 ||| DRINKING 2 potions of heal wounds.
  2262 | D:3      | Slain by a jackal

Levels and vault maps discovered:
D:1:      wander_arrival_desolate, layout_basic, nicolae_eternal_life
D:2:      layout_basic, nicolae_half_adder
D:3:      layout_loops_corners, tso_altar, chequers_decorated_corner

Skill      XL: |  1  2  3  4 |
---------------+-------------+-----
Ranged Weapons | 6 7 8 |  8.3
Fighting       | |  1.5
Dodging        | |  2.4
Stealth        | |  1.2

Action                     |  1- 3 |  4- 6 || total
---------------------------+-------+-------++-------
   Fire: Shortbow          |   102 |    90 ||   192
    Use: Scroll            |     7 |     3 ||    10
         Potion            |       |     2 ||     2
 Armour: Leather armour    |     7 |       ||     7
         Ring mail         |     7 |    35 ||    42
  Dodge: Dodged            |    20 |    33 ||    53

Table legend:
 A = Non-vault XP
 B = Vault XP
 C = Vault XP percentage of total XP
 D = Non-vault monster count
 E = Vault monster count
 F = Vault count percentage of total count
                 A         B        C        D         E       F
            +---------+---------+-------+---------+---------+-------
      Total |     155 |      28 |  15.3 |      59 |       2 |   3.3
            +---------+---------+-------+---------+---------+-------
        D:1 |      42 |       0 |   0.0 |      25 |       0 |   0.0
        D:2 |      58 |      28 |  32.6 |      15 |       2 |  11.8
        D:3 |      55 |       0 |   0.0 |      19 |       0 |   0.0
            +---------+---------+-------+---------+---------+-------
